 Dungeon Crawl Stone Soup version bcrawl-1.28.1b (webtiles) character file.

Game seed: 15510077446069034237

149304 Morbidden the Covered (level 6, -3/50 HPs)
             Began as a Hill Orc Archaeologist on Jan 1, 2021.
             Slain by an ogre
             ... wielding a cursed -2 giant club
              (11 damage)
             ... on level 4 of the Dungeon.
             The game lasted 00:05:08 (3352 turns).

Morbidden the Covered (Hill Orc Archaeologist)      Turns: 3352, Time: 00:05:08

Health: -3/50      AC: 12    Str: 19    XL:     6   Next: 18%
Magic:  6/6        EV:  4    Int: 14    God:
Gold:   241        SH:  8    Dex:  9    Spells: 2/5 levels left

rFire    . . .     SeeInvis .   a - +0 whip
rCold    . . .     Gourm    .   l - +0 medium shield
rNeg     . . .     Faith    .   k - +0 chain mail
rPois    .         Spirit   .   o - +0 helmet
rElec    .         Reflect  .   (no cloak)
rCorr    .         Harm     .   (no gloves)
MR       +....                  d - +1 pair of boots
Stlth    ..........             (no amulet)
HPRegen  0.16/turn              f - ring "Ohip Iqy" {+Fly MR+ Str+3 Slay+2}
MPRegen  0.10/turn              (no ring)

@: no status effects
A: no striking features
a: Evoke Flight


You were on level 4 of the Dungeon.
You were not hungry.

You visited 1 branch of the dungeon, and saw 4 of its levels.

You collected 241 gold pieces.

Inventory:

Hand Weapons
 a - a +0 whip (weapon)
 b - a +0 hunting sling
 m - a +1 dagger of holy wrath
Missiles
 h - 54 tomahawks of dispersal (quivered) {=f}
 r - 407 stones
Armour
 d - a +1 pair of boots (worn)
 k - a +0 chain mail (worn)
 l - a +0 medium shield (worn)
 o - a +0 helmet (worn)
Jewellery
 f - the ring "Ohip Iqy" (left hand) {+Fly MR+ Str+3 Slay+2}
   (You acquired it on level 2 of the Dungeon)

   [ring of flight]

   It affects your strength (+3).
   It affects your accuracy and damage with ranged weapons and melee attacks
   (+2).
   It affects your resistance to hostile enchantments.
   It lets you fly.
Scrolls
 g - 2 scrolls of magic mapping
 i - 6 scrolls of remove curse {unknown}
 j - 3 scrolls of immolation {unknown}
 q - a scroll of identify
 s - a scroll of teleportation {unknown}
Potions
 n - a potion of heal wounds {unknown}
 p - 2 potions of mutation {unknown}
Comestibles
 c - 6 chunks of flesh
 e - 4 rations {!d}


   Skills:
 * Level 2.5 Fighting
   Level 2.5 Short Blades
   Level 2.5 Long Blades
   Level 2.5 Axes
   Level 2.5 Maces & Flails
   Level 2.5 Polearms
   Level 2.5 Staves
 + Level 0.4 Slings
 + Level 3.3 Armour
 + Level 3.1 Dodging
 - Level 2.9 Stealth
 + Level 2.8 Shields
   Level 2.5 Unarmed Combat
 * Level 0.1 Spellcasting
 * Level 1.1 Necromancy


You had 2 spell levels left.
You knew the following spells:

 Your Spells              Type           Power        Failure   Level  Hunger
a - Vampiric Draining     Necr           #.........   100%        3    #####..

Your spell library contained the following spells:

 Spells                   Type           Power        Failure   Level  Hunger
 Animate Skeleton         Necr           N/A          100%        1    None
 Apportation              Tloc           #.....       100%        1    None
 Infusion                 Chrm           #.......     100%        1    None
 Pain                     Necr           #.....       100%        1    None
 Sandblast                Erth           #.....       100%        1    None
 Slow                     Hex            #.......     100%        1    None
 Summon Butterflies       Summ           #.......     100%        1    None
 Regeneration             Chrm/Necr      #.........   100%        3    #####..
 Animate Dead             Necr           N/A          100%        4    ######.
 Bolt of Draining         Conj/Necr      #.........   100%        5    #######


Dungeon Overview and Level Annotations

Branches:
Dungeon (4/12)
 Temple: D:4-7

Altars:
Gozag
Qazlal


Message History

No target in view!
The ogre is too close now for your liking.
An ogre is nearby!
An ogre is nearby!
You whack the ogre!
The ogre is moderately wounded.
The ogre hits you with a cursed -2 giant club!!
You are too injured to fight recklessly!
You are too injured to fight recklessly!
You are too injured to fight recklessly!
You are too injured to fight recklessly!
You are too injured to fight recklessly!
Your chain mail prevents you from hitting the ogre.
The ogre is moderately wounded.
The ogre hits you with a cursed -2 giant club!
* * * LOW HITPOINT WARNING * * *
Your shield and chain mail prevent you from hitting the ogre.
The ogre is moderately wounded.
The ogre hits you with a cursed -2 giant club!
You die...

# #. # # #.?#.
####.####
###...###........
.........<##.#
#.....O@.....#
####.######### #
# O#. #.# #o#


You could see an ogre.

Vanquished Creatures
  A howler monkey (D:1)
  2 orc wizards
  Robin (D:3)
  5 adders
  3 oozes
  A worm (D:3)
  3 dart slugs
  2 leopard geckos
  4 orcs
  2 giant cockroaches
  14 goblins
  13 hobgoblins
  5 jackals (D:1)
  8 kobolds
  A quokka (D:3)
  A ball python (D:2)
  6 bats
  6 frilled lizards
  5 rats
83 creatures vanquished.

Notes
Turn   | Place    | Note
-------+----------+-------------------------------------------
     0 | D:1      | Morbidden the Hill Orc Archaeologist began the quest for
                  | the Orb.
     0 | D:1      | Reached XP level 1. HP: 16/16 MP: 1/1
   228 | D:1      | Reached XP level 2. HP: 24/24 MP: 2/2
   660 | D:1      | Reached XP level 3. HP: 29/29 MP: 3/3
  1091 | D:1      | Reached skill level 1 in Armour
  1091 | D:1      | Reached skill level 1 in Shields
  1091 | D:1      | Reached XP level 4. HP: 8/36 MP: 4/4
  1336 | D:2      | Found a faded altar of an unknown god.
  2178 | D:2      | Reached XP level 5. HP: 39/41 MP: 5/5
  2178 | D:2      | Identified a scroll of acquirement
  2178 | D:2      | Identified the +0 longbow of the Baking Queen {venom, *Slow
                  | +Inv rElec rC+} (You acquired it on level 2 of the Dungeon)
  2178 | D:2      | Identified the ring "Ohip Iqy" {+Fly MR+ Str+3 Slay+2} (You
                  | acquired it on level 2 of the Dungeon)
  2276 | D:3      | Noticed Robin
  2498 | D:3      | Killed Robin
  2774 | D:3      | Found a stormy altar of Qazlal.
  2809 | D:3      | Found an opulent altar of Gozag.
  3103 | D:3      | Learned a level 3 spell: Vampiric Draining
  3279 | D:4      | Noticed an ogre
  3282 | D:4      | Noticed a phantom
  3290 | D:4      | Reached XP level 6. HP: 35/50 MP: 6/6
  3302 | D:3      | Reached skill level 1 in Necromancy
  3352 | D:4      | Slain by an ogre

Skill      XL: |  1  2  3  4  5  6 |
---------------+-------------------+-----
Fighting       | 2 |  2.5
Armour         | 1 2 3 |  3.3
Dodging        | 3 |  3.1
Shields        | 1 2 |  2.8
Necromancy     | 1 |  1.1
Short Blades   | |  2.5
Long Blades    | |  2.5
Axes           | |  2.5
Maces & Flails | |  2.5
Polearms       | |  2.5
Staves         | |  2.5
Slings         | |  0.4
Stealth        | |  2.9
Unarmed Combat | |  2.5
Spellcasting   | |  0.1

Action                   |  1- 3 |  4- 6 || total
-------------------------+-------+-------++-------
Melee: Whip              |   184 |   296 ||   480
 Fire: Hunting sling     |       |    24 ||    24
  Use: Potion            |     2 |       ||     2
       Scroll            |       |     1 ||     1
 Stab: Sleeping          |     1 |       ||     1
  Eat: Chunk             |     4 |    19 ||    23
Armor: Robe              |    15 |       ||    15
       Chain mail        |   170 |   205 ||   375
Dodge: Dodged            |    43 |    32 ||    75
Block: Medium shield     |    65 |   157 ||   222
